 Dungeon Crawl Stone Soup version 0.28.0-53-g5a82cb258f (webtiles) character file.

Game seed: 5954225031705124530

1708 MiltankisOP the Frost Mage (level 9, -16/38 (39) HPs)
             Began as a Vine Stalker Ice Elementalist on June 13, 2022.
             Was a Follower of Vehumet.
             Demolished by a two-headed ogre
             ... wielding a +0 giant spiked club
              (27 damage)
             ... on level 7 of the Dungeon.
             The game lasted 00:36:50 (7845 turns).

MiltankisOP the Frost Mage (VSIE)                   Turns: 7845, Time: 00:36:51

HP:   -16/38 (39)   AC: 10    Str: 11    XL:     9   Next: 3%
MP:   0/21          EV: 12    Int: 19    God:    Vehumet [*.....]
Gold: 314           SH:  0    Dex: 15    Spells: 11/22 levels left

rFire   . . .      SeeInvis .   n - +0 dagger
rCold   . . .      Faith    .   (no shield)
rNeg    . . .      Spirit   +   a - +0 robe
rPois   .          Reflect  .   (no helmet)
rElec   .          Harm     .   (no cloak)
rCorr   .          Rampage  .   (no gloves)
Will    +....                   (no boots)
Stlth   ++........              (no amulet)
HPRegen 0.92/turn               (no ring)
MPRegen 0.17/turn               (no ring)

@: ice-armoured, freezing walls, lightly drained
A: fangs 3, regeneration 1, magic shield, antimagic bite, no potion heal 2
a: Renounce Religion


You were on level 7 of the Dungeon.
You worshipped Vehumet.
Vehumet was aware of your devotion.
You visited 2 branches of the dungeon, and saw 8 of its levels.
You also visited: Ossuary.

You collected 314 gold pieces.

Inventory:

Hand Weapons
 n - a +0 dagger (weapon)
Armour
 a - a +0 robe (worn)
Jewellery
 m - a ring of poison resistance
 w - a ring of resist corrosion
Wands
 k - a wand of flame (41)
 p - a wand of polymorph (10)
Scrolls
 c - 3 scrolls of identify {unknown}
 d - 2 scrolls of fog {unknown}
 e - 3 scrolls of amnesia {unknown}
 f - 2 scrolls of enchant weapon {unknown}
 h - 4 scrolls of teleportation {unknown}
 j - a scroll of magic mapping {unknown}
 o - 4 scrolls of fear {unknown}
 q - 2 scrolls of immolation {unknown}
 r - a scroll of noise {unknown}
 s - a scroll of blinking {unknown}
 t - a scroll of vulnerability {unknown}
 v - a scroll of holy word {unknown}
Potions
 b - a potion of brilliance {unknown}
 g - a potion of mutation {unknown}
 i - 2 potions of curing {unknown}
 l - 2 potions of resistance {unknown}
 u - a potion of berserk rage {unknown}


   Skills:
 - Level 1.5 Dodging
 - Level 2.4 Stealth
 + Level 7.3 Spellcasting
 + Level 4.5 Conjurations
 - Level 8.4 Ice Magic


You had 11 spell levels left.
You knew the following spells:

 Your Spells              Type           Power      Damage    Failure   Level
a - Freeze                Ice            100%       1d11      1%          1
b - Frozen Ramparts       Ice            76%        1d9       1%          3
c - Ozocubu's Armour      Ice            38%        N/A       1%          3
d - Hailstorm             Conj/Ice       31%        3d8       7%          4

Your spell library contained the following spells:

 Spells                   Type           Power      Damage    Failure   Level
 Foxfire                  Conj/Fire      60%        2x1d7     3%          1
 Tukima's Dance           Hex            6%         N/A       28%         3
 Anguish                  Hex/Necr       3%         N/A       67%         4
 Enfeeble                 Hex            3%         N/A       100%        7


Dungeon Overview and Level Annotations

Branches:
Dungeon (7/15)             Temple (1/1) D:4         Ossuary (visited)

Altars:
Ashenzari
Cheibriados
Dithmenos
Elyvilon
Fedhas
Gozag
Hepliaklqana
Kikubaaqudgha
Makhleb
Nemelex Xobeh
Okawaru
Qazlal
Ru
Sif Muna
Trog
Uskayaw
Vehumet
Wu Jian
Xom
Yredelemnul
Zin
The Shining One

Shops:
D:4 (

Annotations:
D:6 3 runed translucent doors, PhantomBowie's ghost, novice GrFi


Innate Abilities, Weirdness & Mutations

You have razor-sharp teeth.
Your natural rate of healing is unusually fast.
When hurt, damage is shared between your health and your magic reserves.
Your bite disrupts and absorbs the magic of your enemies.
Potions cannot restore your health.


Message History

A film of ice covers your body!
The two-headed ogre shouts in stereo!
Casting: Ozocubu's Armour (safe; 1% risk of failure)
Confirm with . or Enter, or press ? or * to list all spells.
Casting: Frozen Ramparts (safe; 1% risk of failure)
Press: ? - help, Dir - look around, f - activate The walls around you are covered in ice.
Casting: Frozen Ramparts (safe; 1% risk of failure)
Confirm with . or Enter, or press ? or * to list all spells.
The spell is quite dangerous to miscast (7% risk of failure)!
Continue anyway?
Casting: Hailstorm (quite dangerous; 7% risk of failure)
Press: ? - help, Dir - look around, f - activate A cannonade of hail descends around you!
The hail pelts the two-headed ogre!
The two-headed ogre is moderately wounded.
The wall freezes the two-headed ogre!
You have 314 gold pieces.
Casting: Hailstorm (quite dangerous; 7% risk of failure)
Confirm with . or Enter, or press ? or * to list all spells.
The spell is quite dangerous to miscast (7% risk of failure)!
Continue anyway?
Casting: Hailstorm (quite dangerous; 7% risk of failure)
Press: ? - help, Dir - look around, f - activate A cannonade of hail descends around you!
The hail pelts the two-headed ogre!
The two-headed ogre is severely wounded.
The wall freezes the two-headed ogre!
You hit the two-headed ogre but do no damage.
You bite the two-headed ogre, but do no damage.
The two-headed ogre is almost dead.
The wall freezes the two-headed ogre!
The two-headed ogre closely misses you.
The two-headed ogre hits you with a +0 giant club!
You closely miss the two-headed ogre.
The two-headed ogre is almost dead.
The wall freezes the two-headed ogre.
The two-headed ogre hits you with a +0 giant spiked club!!
Ouch! That really hurt!
* * * LOW HITPOINT WARNING * * *
The two-headed ogre hits you with a +0 giant club!!
Ouch! That really hurt!
You die...

#.#######
#.#.#########
#.#..........
#.#..#....###
#.#..#....#
#.#..#....#
#.#..#....#
#.#..#s...#
#@#..#....#
#O#..#....#
#)#..# #.#..#
####.#.#..#
####
#.........#
....
#.######.##.#.#
.............#
.######.##.#.#


You could see a two-headed ogre.

Vanquished Creatures
  An ice beast (D:6)
  A black bear (D:5)
  2 necrophages
  An ogre (D:5)
  A gnoll sergeant (D:6)
  6 scorpions
  A wight (D:7)
  An electric eel (D:6)
  A howler monkey (D:4)
  A centaur zombie (Ossuary)
  2 hounds (D:5)
  An orc priest (D:4)
  3 gnoll shamans
  A jelly (D:4)
  3 scorpion zombies (Ossuary)
  An iguana (D:5)
  An orc wizard (D:6)
  3 mummies (Ossuary)
  A howler monkey skeleton (D:4)
  17 gnolls
  2 adders
  A white imp (D:6)
  2 ufetubi (D:4)
  An adder skeleton (D:2)
  6 worms
  2 dart slugs (D:3)
  6 orcs
  11 ball pythons
  12 endoplasms
  2 giant cockroaches (D:1)
  2 gnoll zombies (Ossuary)
  8 goblins
  6 hobgoblins
  4 quokkas
  7 bats
  3 frilled lizards
  A goblin zombie (Ossuary)
  2 hobgoblin zombies (Ossuary)
  6 kobolds
  2 kobold zombies (Ossuary)
  3 orc zombies (Ossuary)
  2 rats
140 creatures vanquished.

Vanquished Creatures (others)
  18 plants (D:6)
18 creatures vanquished.

Grand Total: 158 creatures vanquished

Notes
Turn   | Place    | Note
-------+----------+-------------------------------------------
     0 | D:1      | MiltankisOP the Vine Stalker Ice Elementalist began the
                  | quest for the Orb.
     0 | D:1      | Reached XP level 1. HP: 9/9 MP: 4/4
   302 | D:1      | Reached XP level 2. HP: 13/13 MP: 1/6
   955 | D:1      | Found a faded altar of an unknown god.
  1000 | D:1      | Reached XP level 3. HP: 16/16 MP: 5/7
  1799 | D:2      | Reached skill level 5 in Ice Magic
  2079 | D:2      | Gained mutation: Your natural rate of healing is unusually
                  | fast. [Vine Stalker growth]
  2079 | D:2      | Reached XP level 4. HP: 14/21 MP: 3/9
  3291 | D:4      | Found a sacrificial altar of Ru.
  3504 | D:4      | Found Gapris's Antique Weapon Boutique.
  3530 | D:4      | Found a staircase to the Ecumenical Temple.
  3536 | Temple   | Entered the Ecumenical Temple
  3809 | Temple   | Became a worshipper of Vehumet
  4016 | D:4      | Noticed a scorpion
  4046 | D:4      | Reached XP level 5. HP: 6/24 MP: 1/11
  4272 | D:4      | Reached skill level 6 in Ice Magic
  4272 | D:4      | Reached XP level 6. HP: 19/28 MP: 2/12
  4529 | D:4      | Learned a level 3 spell: Frozen Ramparts
  4533 | D:4      | Learned a level 3 spell: Ozocubu's Armour
  5234 | D:5      | Entered Level 5 of the Dungeon
  5254 | D:5      | Noticed a black bear
  5280 | D:5      | Killed a black bear
  5281 | D:5      | Reached skill level 7 in Ice Magic
  5281 | D:5      | Reached XP level 7. HP: 28/32 MP: 5/14
  5581 | D:5      | You fall into a shaft and drop 1 floor!
  5598 | D:6      | Reached skill level 5 in Spellcasting
  5805 | D:6      | Reached skill level 8 in Ice Magic
  5839 | D:6      | Gained mutation: You have razor-sharp teeth. [Vine Stalker
                  | growth]
  5839 | D:6      | Reached XP level 8. HP: 33/36 MP: 0/17
  6030 | D:6      | Found a sand-covered staircase.
  6039 | Ossuary  | Entered an ossuary
  6045 | Ossuary  | Learned a level 4 spell: Hailstorm
  6064 | Ossuary  | Reached * piety under Vehumet
  6064 | Ossuary  | Offered knowledge of Foxfire by Vehumet.
  6202 | Ossuary  | Reached skill level 1 in Conjurations
  6700 | D:6      | Found a runed translucent gate.
  6701 | D:6      | Found a runed translucent gate.
  6702 | D:6      | Found a runed translucent gate.
  6703 | D:6      | Noticed PhantomBowie's ghost (novice GrFi)
  6915 | D:6      | Found a stormy altar of Qazlal.
  6917 | D:6      | Noticed an air elemental
  6917 | D:6      | Noticed a water elemental
  7641 | D:7      | Noticed a two-headed ogre
  7781 | D:7      | Reached XP level 9. HP: 18/37 MP: 6/21
  7845 | D:7      | Demolished by a two-headed ogre

Illustrated notes

Levels and vault maps discovered:
D:1:      dpeg_arrival_rhombus, layout_basic, basic_ecumenical_altar,
          ebering_dispersal_statue_hall, chequers_hall_statues_corner_a,
          chequers_jeans
D:2:      minmay_wonky_spiral, layout_basic
D:3:      layout_basic, serial_glass, glass_columns_c, glass_columns_b,
          glass_columns_a, glass_columns_b, glass_columns_a, glass_columns_c,
          glass_columns_a, glass_columns_b, glass_columns_c, glass_columns_b
D:4:      layout_gridville, amcnicky_altar_gilded, minmay_temple_entry_hall,
          serial_shops, shop
D:5:      layout_gridville, serial_shops, shop
D:6:      layout_basic, nicolae_qazlal_style_of_elements,
          gammafunk_ghost_necromancy, enter_ossuary_1, serial_bayou_lagoon_a
D:7:      layout_basic, uniq_prince_ribbit1
Temple:   mainiacjoe_temple_big_plus

Skill      XL: |  1  2  3  4  5  6  7  8 |
---------------+-------------------------+-----
Ice Magic      | 5 6 7 8 |  8.4
Spellcasting   | 3 4 5 7 |  7.3
Conjurations   | 4 |  4.5
Dodging        | |  1.5
Stealth        | |  2.4

Action                   |  1- 3 |  4- 6 |  7- 9 || total
-------------------------+-------+-------+-------++-------
Melee: Unarmed           |    20 |    17 |       ||    37
       Bite              |     9 |    12 |    64 ||    85
       Punch             |     1 |     1 |     6 ||     8
       Dagger            |       |     8 |   160 ||   168
 Cast: Freeze            |    69 |    96 |    19 ||   184
       Ozocubu's Armour  |       |     1 |    19 ||    20
       Frozen Ramparts   |       |       |    28 ||    28
       Hailstorm         |       |       |     8 ||     8
 Stab: Distracted        |     1 |       |       ||     1
       Sleeping          |       |     1 |     2 ||     3
Armor: Robe              |     9 |    15 |    59 ||    83
Dodge: Dodged            |    37 |    60 |    82 ||   179
